 Dungeon Crawl Stone Soup version 0.21-a0-442-g848f44b (webtiles) character file.

254 vineage the Slasher (level 5, -1/45 HPs)
             Began as a Minotaur Fighter on Nov 16, 2017.
             Slain by an orc
             ... wielding a +0 short sword
              (5 damage)
             ... on level 2 of the Dungeon.
             The game lasted 00:01:49 (1527 turns).

vineage the Slasher (Minotaur Fighter)              Turns: 1527, Time: 00:01:50

Health: -1/45      AC:  6    Str: 22    XL:     5   Next: 90%
Magic:  4/4        EV: 12    Int:  5    God:
Gold:   119        SH: 10    Dex: 14    Spells: 4/4 levels left

rFire    . . .     SeeInvis .   a - +0 long sword
rCold    . . .     Gourm    .   c - +0 shield
rNeg     . . .     Faith    .   b - +0 scale mail
rPois    .         Spirit   .   (helmet restricted)
rElec    .         Reflect  .   (no cloak)
rCorr    .         Harm     .   (no gloves)
MR       .....                  (no boots)
Stlth    +.........             (no amulet)
HPRegen  0.15/turn              (no ring)
MPRegen  0.09/turn              (no ring)

@: agile, flying
A: retaliatory headbutt, horns 2
a: no special abilities


You were on level 2 of the Dungeon.
You were not hungry.

You visited 1 branch of the dungeon, and saw 2 of its levels.

You collected 119 gold pieces.

Inventory:

Hand Weapons
 a - a +0 long sword (weapon)
Armour
 b - a +0 scale mail (worn)
 c - a +0 shield (worn)
Scrolls
 e - a scroll of remove curse {unknown}
 g - a scroll of magic mapping {unknown}
 h - a scroll of identify {unknown}
 i - a scroll of amnesia {unknown}
 m - 2 scrolls of enchant armour {unknown}
Comestibles
 f - a bread ration
 j - 2 fruits


   Skills:
 - Level 3.6 Fighting
 + Level 7.5 Long Blades
 - Level 3.6 Armour
 - Level 3.6 Shields


You had 4 spell levels left.
You didn't know any spells.

Dungeon Overview and Level Annotations

Branches:
Dungeon (2/15)

Altars:
Ru
Uskayaw


Innate Abilities, Weirdness & Mutations

You reflexively headbutt those who attack you in melee.
You have a pair of horns on your head.


Message History

The orc priest closely misses you.
You closely miss the orc priest. You block the orc priest's attack.
You completely miss the orc priest. The orc priest hits you with a war axe.
* * * LOW HITPOINT WARNING * * *
The orc priest barely misses you. You block the orc's attack.
You slash the orc priest!
The orc priest is heavily wounded.
You block the orc priest's attack.
The orc priest hits you but does no damage.
The orc hits you with a short sword.
* * * LOW HITPOINT WARNING * * *
You slash the orc priest!
You kill the orc priest!
The orc priest invokes the aid of Beogh against you.
Pain shoots through your body!
* * * LOW HITPOINT WARNING * * *
The orc hits you but does no damage.
You barely miss the orc priest. You block the orc priest's attack.
The orc hits you with a short sword.
You die...

##.## ... ... ... #.#
#######.#####.# ###
......o)o.....# ..# ##@## #.#
##...## ### #.# ### ##.....##
##.### #.# ##.##
##.......###....###.#
#...####.........#.........##
###....†.........÷...........
#.####.........###....#####
### ##.......## #.#.## ###
##.....## #.###


You could see an orc priest and an orc.

Vanquished Creatures
  Sigmund (D:2)
  An orc priest (D:2)
  3 adders (D:2)
  A worm (D:2)
  A dart slug (D:2)
  3 leopard geckos (D:2)
  An orc (D:2)
  3 giant cockroaches (D:1)
  5 hobgoblins
  4 jackals (D:2)
  6 kobolds
  A quokka (D:2)
  4 bats
  A frilled lizard (D:1)
  5 goblins
  4 rats
44 creatures vanquished.

Notes
Turn   | Place    | Note
-------+----------+-------------------------------------------
     0 | D:1      | vineage the Minotaur Fighter began the quest for the Orb.
     0 | D:1      | Reached XP level 1. HP: 19/19 MP: 0/0
    97 | D:1      | Reached skill level 3 in Long Blades
   173 | D:1      | Reached XP level 2. HP: 26/26 MP: 1/1
   842 | D:2      | Reached skill level 4 in Long Blades
   853 | D:2      | Found a hide-covered altar of Uskayaw.
   859 | D:2      | Reached XP level 3. HP: 25/31 MP: 2/2
   965 | D:2      | Noticed Sigmund
   976 | D:2      | Killed Sigmund
   976 | D:2      | Reached skill level 6 in Long Blades
   976 | D:2      | Reached XP level 4. HP: 28/39 MP: 3/3
   976 | D:2      | Reached XP level 5. HP: 33/45 MP: 4/4
  1103 | D:2      | Reached skill level 7 in Long Blades
  1303 | D:2      | Found a sacrificial altar of Ru.
  1527 | D:2      | Slain by an orc

Vault maps used:
D:1:      nzn_arrival_water_spiral
D:2:      eat_drink_and_be_merry_uskayaw, tso_altar,
          nicolae_overflow_hidden_temple, uniq_sigmund

Skill      XL: |  1  2  3  4  5 |
---------------+----------------+-----
Long Blades    | 3 4 6 7 |  7.5
Fighting       | |  3.6
Armour         | |  3.6
Shields        | |  3.6

Action                   |  1- 3 |  4- 6 || total
-------------------------+-------+-------++-------
Melee: Long sword        |    56 |    53 ||   109
       Headbutt          |     9 |    11 ||    20
  Use: Potion            |     1 |     2 ||     3
  Eat: Chunk             |       |     2 ||     2
Armor: Scale mail        |    23 |    20 ||    43
Dodge: Dodged            |    15 |    17 ||    32
Block: Shield            |    26 |    24 ||    50
       Rpst.: Long sword |     9 |     4 ||    13

Table legend:
 A = Spawn XP
 B = Non-spawn XP
 C = Spawn XP percentage of total XP
 D = Spawn monster count
 E = Non-spawn monster count
 F = Spawn count percentage of total count
 G = Total turns spent on level
                    A         B        C        D         E        F      G
               +---------+---------+-------+---------+---------+-------+---------
         Total |       0 |     363 |   0.0 |       0 |      44 |   0.0 |  1527
               +---------+---------+-------+---------+---------+-------+---------
           D:1 |       0 |      25 |   0.0 |       0 |      16 |   0.0 |   833
           D:2 |       0 |     338 |   0.0 |       0 |      28 |   0.0 |   694
               +---------+---------+-------+---------+---------+-------+---------
